 Dungeon Crawl Stone Soup version 0.31.0-11-ge490571c62 (webtiles) character file.

Game seed: 18179807380661841683

53 Arctor the Firebug (level 3, 0/19 HPs)
             Began as a Deep Elf Fire Elementalist on Feb 2, 2024.
             Slain by a gnoll
             ... wielding a +0 club
              (7 damage)
             ... on level 2 of the Dungeon.
             The game lasted 00:01:00 (1967 turns).

Arctor the Firebug (Deep Elf Fire Elementalist)     Turns: 1967, Time: 00:01:01

Health: 0/19       AC:  2    Str:  5    XL:     3   Next: 64%
Magic:  4/10       EV: 13    Int: 21    God:
Gold:   76         SH:  0    Dex: 15    Spells: 6/9 levels left

rFire   . . .        i - +1 dagger
rCold   . . .        (no shield)
rNeg    . . .        a - +0 robe
rPois   .            (no helmet)
rElec   .            (no cloak)
rCorr   .            (no gloves)
SInv    .            (no boots)
Will    .....        (no amulet)
Stlth   ++           (no ring)
HPRegen 0.23/turn    (no ring)
MPRegen 0.12/turn

%: no passive effects
@: no status effects
A: no striking features
a: no special abilities


You were on level 2 of the Dungeon.
You visited 1 branch of the dungeon, and saw 2 of its levels.

You collected 76 gold pieces.

Inventory:

Hand Weapons
 i - a +1 dagger (weapon)
Armour
 a - a +0 robe (worn)
Jewellery
 g - a ring of ice
Scrolls
 d - a scroll of immolation {unknown}
 e - 2 scrolls of revelation {unknown}
 f - 2 scrolls of identify {unknown}
 j - a scroll of enchant armour {unknown}
 k - a scroll of teleportation {unknown}
Potions
 b - a potion of magic
 c - 2 potions of attraction {unknown}
 h - a potion of invisibility {unknown}


   Skills:
 + Level 3.1 Dodging
 + Level 3.2 Stealth
 + Level 3.5 Spellcasting
 + Level 1.9 Conjurations
 + Level 3.7 Fire Magic


You had 6 spell levels left.
You knew the following spells:

 Your Spells              Type           Power      Damage    Failure   Level
a - Foxfire               Conj/Fire      60%        2x1d7     3%          1
b - Scorch                Fire           38%        2d6       4%          2

Your spell library contained the following spells:

 Spells                   Type           Power      Damage    Failure   Level
 Inner Flame              Hex/Fire       11%        N/A       17%         3
 Volatile Blastmotes      Fire/Tloc      22%        2d11      17%         3
 Summon Ice Beast         Ice/Summ       3%         N/A       36%         3
 Flame Wave               Conj/Fire      15%        2d7       36%         4
 Summon Mana Viper        Hex/Summ       3%         N/A       98%         5
 Monstrous Menagerie      Summ           1%         N/A       100%        7


Dungeon Overview and Level Annotations

Branches:
Dungeon (2/15)

Altars:


Message History

There is an open door here.
There are monsters nearby!
You conjure some foxfire!
The jackal barks! x2
The foxfire hits the jackal but does no damage.
The jackal closely misses you.
You hit the jackal but do no damage. The jackal closely misses you.
The jackal bites you.
A gnoll breaks down the door.
Found a scroll labelled SOANUA FYROHAPS.
There are monsters nearby!
You completely miss the jackal. The jackal barely misses you.
The jackal closely misses you. The jackal bites you.
The jackal bites you but does no damage.
You conjure some foxfire!
The jackal bites you.
The jackal bites you but does no damage.
The foxfire hits the gnoll.
The gnoll is moderately wounded.
There are monsters nearby!
Casting: Foxfire (safe; 3% risk of failure)
Confirm with . or Enter, or press ? or * to list all spells.
Flames lash the gnoll.
The gnoll is severely wounded.
The gnoll's fire resistance burns away.
The jackal misses you. The jackal bites you.
Casting: Scorch (safe; 4% risk of failure)
Confirm with . or Enter, or press ? or * to list all spells.
Flames lash the jackal.
The jackal is severely wounded.
The jackal's fire resistance burns away.
The jackal misses you.
The jackal pauses to sniff the ground.
The jackal barely misses you. x3; The gnoll hits you with a +0 club.
Casting: Scorch (safe; 4% risk of failure)
Confirm with . or Enter, or press ? or * to list all spells.
Okay, then.
You hit the bush.
The bush is lightly damaged.
The jackal bites you. The jackal closely misses you.
The gnoll hits you with a +0 club!
You die...

########.#######...##....#######
#...............#.......#
####.#####.###....#####.# ##.##
#.# #.#.## #.# #...####.# #.#.#
#.# ##########.#..##..###.#.#
#.# ........##.<........#.#.#
##.# .####..........P.P..#.#.#
#..# ........########@###..#.
#.## .###.#### #.hhg?# ## #.# .#
#.# #...### #.# ## #.# #...+ #.#
# #.# ##### #.# # #.# #.# # #.#
### ### #.# # #.# #.........#
#.# # #.# #.#.#..##.# #.#


You could see a gnoll (combustible) and 2 jackals.

Vanquished Creatures
  2 adders (D:2)
  6 ball pythons
  3 endoplasms
  A giant cockroach (D:2)
  3 hobgoblins (D:2)
  3 kobolds
  2 quokkas
  4 bats
  4 frilled lizards (D:1)
  5 goblins
33 creatures vanquished.

Vanquished Creatures (collateral kills)
  4 foxfires (D:2)
4 creatures vanquished.

Vanquished Creatures (others)
  145 foxfires
145 creatures vanquished.

Grand Total: 182 creatures vanquished

Notes
Turn   | Place    | Note
-------+----------+-------------------------------------------
     0 | D:1      | Arctor the Deep Elf Fire Elementalist began the quest for
                  | the Orb.
     0 | D:1      | Reached XP level 1. HP: 10/10 MP: 6/6
   238 | D:1      | Reached XP level 2. HP: 14/15 MP: 2/8
   410 | D:1      | Learned a level 2 spell: Scorch
  1320 | D:2      | Reached XP level 3. HP: 16/19 MP: 5/9
  1967 | D:2      | Slain by a gnoll

Illustrated notes

Levels and vault maps discovered:
D:1:      tekkud_arrival_beachfront_property, layout_basic, minmay_3d_cube
D:2:      layout_loops_ring, cheibrodos_gnoll_hut

Skill      XL: |  1  2  3 |
---------------+----------+-----
Stealth        | 3 |  3.2
Dodging        | 3 |  3.1
Spellcasting   | |  3.5
Conjurations   | |  1.9
Fire Magic     | |  3.7

Action                     || total
---------------------------++-------
  Melee: Unarmed           ||    17
         Dagger            ||    16
   Cast: Foxfire           ||    95
         Scorch            ||     6
    Use: Scroll            ||     1
   Stab: Distracted        ||     1
         Sleeping          ||     1
 Armour: Robe              ||    28
  Dodge: Dodged            ||    37
